Map: Heavy Artillery LE

Players

Bloomberg

  • Race: Protoss Protoss
  • League: Platinum
  • Spawn Location: 7:00

NiMoS

  • Race: Terran Terran
  • Spawn Location: 7:00

qqq - Winner!

  • Race: Zerg Zerg
  • Spawn Location: 1:00

Massa - Winner!

  • Race: Terran Terran
  • League: Platinum
  • Spawn Location: 3:00

VOD

Have the link to the VOD?

Description

Time

  • Played on: Nov. 15, 2020, 6:39 a.m.
  • Length: 16:25
Show
View Real Time Build Order
Export as new Build Order

Bloomberg Protoss 

Build Orders: Carriers 

Get SALT Encoding   

  12  0:00  Probe  
  13  0:17  Pylon  
  13  0:18  Probe  
  14  0:30  Probe  
  15  0:37  Gateway  
  15  0:42  Probe  
  16  0:54  Probe  
  17  1:04  Assimilator  
  17  1:06  Probe, Assimilator  
  18  1:18  Probe  
  19  1:26  Cybernetics Core  
  19  1:28  Pylon  
  19  1:30  Probe  
  20  1:42  Probe  
  21  1:54  Probe  
  22  2:05  Stargate  
  22  2:06  Probe  
  23  2:10  Forge  
  23  2:13  Stalker  
  25  2:19  Probe  
  26  2:27  Pylon  
  26  2:31  Probe  
  27  2:38  Warp Gate  
  27  2:41  Void Ray (Chrono Boost)  
  31  2:55  Photon Cannon  
  31  3:00  Photon Cannon  
  31  3:02  Probe  
  32  3:10  Void Ray (Chrono Boost)  
  36  3:23  Pylon  
  36  3:42  Void Ray (Chrono Boost)  
  36  3:44  Nexus  
  40  4:01  Pylon  
  40  4:09  Void Ray (Chrono Boost)  
  40  4:22  Probe  
  45  4:34  Probe  
  45  4:35  Void Ray (Chrono Boost)  
  50  4:54  Assimilator  
  50  4:58  Assimilator  
  50  5:08  Pylon  
  50  6:14  Void Ray (Chrono Boost)  
  50  6:21  Stalker  
  52  6:44  Void Ray  
  52  6:50  Fleet Beacon  
  52  6:52  Probe (Chrono Boost)  
  52  6:53  Stargate  
  54  6:57  Probe (Chrono Boost)  
  47  7:02  Probe (Chrono Boost)  
  47  7:05  Probe (Chrono Boost)  
  47  7:06  Pylon  
  47  7:07  Probe (Chrono Boost)  
  48  7:10  Pylon  
  48  7:14  Photon Cannon  
  49  7:18  Probe (Chrono Boost)  
  49  7:21  Probe (Chrono Boost)  
  51  7:26  Probe (Chrono Boost)  
  51  7:29  Probe (Chrono Boost)  
  53  7:31  Carrier (Chrono Boost)  
  53  7:32  Probe  
  60  7:40  Probe  
  61  7:45  Probe  
  61  7:49  Shield Battery  
  62  7:52  Probe  
  62  7:53  Shield Battery  
  62  7:57  Probe  
  64  8:07  Stalker  
  64  8:09  Carrier (Chrono Boost)  
  72  8:28  Carrier (Chrono Boost)  
  72  8:29  Nexus  
  72  8:32  Assimilator  
  78  8:36  Assimilator  
  78  8:37  Flux Vanes  
  78  8:38  Pylon  
  78  8:45  Pylon x2  
  78  8:47  Pylon  
  74  8:50  Pylon  
  71  9:07  Carrier (Chrono Boost)  
  77  9:26  Photon Cannon  
  77  9:28  Probe x2, Photon Cannon  
  77  9:29  Photon Cannon  
  77  9:30  Pylon  
  79  9:32  Pylon  
  79  9:40  Probe x2  
  81  9:52  Probe  
  82  9:58  Stargate  
  82  10:00  Stargate  
  82  10:05  Probe x2  
  82  10:06  Probe  
  85  10:15  Phoenix  
  85  10:16  Protoss Air Weapons Level 1  
  85  10:17  Probe  
  85  10:18  Probe x2  
  90  10:37  Protoss Shields Level 1, Carrier (Chrono Boost)  
  96  10:52  Carrier (Chrono Boost)  
  102  11:06  Pylon  
  102  11:10  Pylon  
  102  11:11  Pylon  
  102  11:15  Probe x2  
  102  11:16  Probe  
  105  11:21  Pylon  
  105  11:27  Probe x2  
  105  11:28  Probe  
  105  11:32  Carrier (Chrono Boost)  
  114  11:39  Probe x2  
  116  11:40  Probe  
  117  11:51  Probe  
  118  11:56  Carrier (Chrono Boost)  
  118  11:57  Carrier (Chrono Boost)  
  98  12:27  Void Ray (Chrono Boost)  
  86  12:33  Phoenix (Chrono Boost)  
  86  12:39  Stalker  
  82  12:46  Void Ray (Chrono Boost)  
  86  12:57  Tempest (Chrono Boost)  
  86  12:58  Tempest (Chrono Boost)  
  102  13:08  Carrier (Chrono Boost)  
  96  13:18  Protoss Air Armor Level 1  
  100  13:22  Carrier (Chrono Boost)  
  88  13:31  Tempest (Chrono Boost)  
  92  13:44  Tempest (Chrono Boost)  
  92  13:55  Void Ray (Chrono Boost)  
  86  14:10  Void Ray (Chrono Boost)  
  86  14:19  Void Ray (Chrono Boost)  
  94  14:39  Tempest (Chrono Boost)  
  94  14:40  Stalker  
  94  14:43  Tempest (Chrono Boost)  
  101  14:51  Tempest (Chrono Boost)  
  106  15:04  Tempest (Chrono Boost)  
  106  15:11  Pylon  
  106  15:13  Pylon  
  107  15:15  Shield Battery x2  
Show
View Real Time Build Order
Export as new Build Order

NiMoS Terran 

Build Orders:  

Get SALT Encoding   

  12  0:00  SCV  
  13  0:12  SCV  
  14  0:22  Supply Depot  
  14  0:24  SCV  
  15  0:31  Refinery  
  15  0:43  SCV  
  15  0:45  Barracks  
  16  0:55  SCV  
  17  1:01  Barracks  
  17  1:10  SCV  
  18  1:23  SCV  
  19  1:27  Barracks  
  19  1:35  SCV  
  19  1:36  Reaper  
  21  1:41  Supply Depot  
  21  1:51  SCV  
  21  1:52  Reaper  
  23  2:04  Orbital Command  
  23  2:08  Reaper  
  24  2:14  Supply Depot  
  24  2:15  Reaper  
  25  2:30  Refinery  
  24  2:40  Reaper  
  24  2:41  SCV  
  26  2:58  Reaper  
  27  2:59  SCV  
  27  3:03  Command Center  
  28  3:26  Barracks Tech Lab  
  28  3:27  Barracks Reactor  
  26  4:04  SCV  
  27  4:12  Barracks Tech Lab  
  27  4:16  Engineering Bay  
  27  4:17  Orbital Command, Factory, Marine  
  27  4:18  Marine  
  27  4:19  Stimpack  
  27  4:20  Marine  
  30  4:25  SCV  
  31  4:34  Orbital Command  
  31  4:35  Marine x2  
  31  4:40  SCV  
  31  4:41  Marine x2  
  31  4:43  Concussive Shells  
  34  4:59  SCV  
  39  5:00  SCV, Marauder x2  
  39  5:01  Marine x2  
  42  5:11  SCV  
  42  5:12  Factory Tech Lab  
  43  5:16  Refinery  
  43  5:17  Refinery, SCV, Bunker  
  43  5:19  Marine x2  
  43  5:20  Terran Infantry Weapons Level 1  
  46  5:23  SCV, Marine x2  
  46  5:24  Supply Depot  
  46  5:28  Starport  
  49  5:29  SCV  
  49  5:35  SCV  
  51  5:38  Marine x2  
  53  5:46  Marauder x2  
  53  5:48  Supply Depot x2  
  53  6:20  SCV x2  
  55  6:28  Starport Reactor, Missile Turret  
  55  6:30  Marine x2  
  55  6:31  Marauder x2  
  61  6:34  Command Center  
  61  6:36  Missile Turret  
  61  6:37  SCV x2  
  63  6:40  Supply Depot  
  63  6:42  Missile Turret  
  63  6:46  Engineering Bay  
  63  6:49  Marine x2  
  63  6:50  SCV  
  66  6:58  Armory  
  66  7:04  Missile Turret  
  66  7:08  SCV x2  
  68  7:10  Supply Depot  
  68  7:19  Medivac  
  68  7:20  SCV x2, Medivac  
  68  7:21  Combat Shield  
  68  7:22  Marine x2  
  76  7:42  Marine x2  
  78  7:46  Supply Depot  
  78  7:47  Terran Infantry Armor Level 1, Terran Infantry Weapons Level 2, Supply Depot  
  78  7:49  Medivac  
  78  7:50  Medivac  
  82  7:58  Orbital Command  
  75  8:27  Marine x4, Missile Turret  
  81  8:34  Widow Mine  
  81  8:35  SCV x2, Missile Turret  
  84  8:45  Marine  
  84  8:54  Orbital Command  
  68  9:25  Marine x2  
  68  9:26  Marauder x2  
  68  9:27  Thor  
  68  9:29  SCV x2  
  78  9:43  Marine  
  78  9:44  Marine  
  78  9:45  Refinery  
  80  9:46  Refinery  
  80  9:50  Barracks  
  80  9:52  Barracks  
  80  9:58  Barracks  
  80  10:00  Barracks  
  73  10:20  Marine  
  73  10:21  Marine  
  62  10:22  Terran Infantry Weapons Level 3, Marauder x2, Medivac x2  
  62  10:23  Terran Infantry Armor Level 2  
  62  10:25  Terran Vehicle Weapons Level 1  
  70  10:36  SCV x3  
  70  10:38  Marine x2, Missile Turret  
  75  10:47  Barracks Reactor, Barracks Tech Lab x2  
  75  10:48  SCV x3  
  78  11:00  Barracks Reactor, SCV x2  
  78  11:01  SCV  
  81  11:11  Siege Tank  
  81  11:12  SCV, Marine x2  
  81  11:13  Marauder x4  
  95  11:21  Medivac  
  95  11:22  Medivac  
  95  11:24  SCV x2  
  101  11:30  Marine x2  
  103  11:34  Command Center  
  84  12:25  Marine x5  
  84  12:26  Marauder x4  
  84  12:27  Medivac x2  
  84  12:28  Marine, Siege Tank  
  82  12:36  SCV x2  
  84  12:42  Marine x2  
  84  12:43  Marine x3  
  88  12:47  Marauder x2  
  88  12:48  Marauder  
  87  12:56  Marine x2  
  88  13:00  Marine x2, Siege Tank  
  88  13:04  Marine x2  
  88  13:05  Marine  
  89  13:08  Marine  
  89  13:09  Marauder x2  
  85  13:19  Marine x4  
  74  13:20  Medivac x2  
  74  13:22  Marine x3  
  74  13:26  Marauder  
  81  13:30  Marauder, Marine  
  81  13:32  Siege Tank  
  70  14:06  Marine x7  
  70  14:07  Marauder x3  
  55  14:26  Marine x5  
  55  14:27  Marauder  
  55  14:28  Marauder  
  55  14:29  Marauder  
  53  14:39  Marine x2  
  53  14:43  Marine  
  53  14:44  Marine x4  
  60  14:46  SCV x2  
  60  14:48  Marauder  
  60  14:50  Marauder x2  
  60  14:51  Siege Tank  
  71  14:52  Medivac  
  71  14:53  Medivac  
  71  14:57  Marauder  
  77  15:10  Marauder  
Show
View Real Time Build Order
Export as new Build Order

qqq Zerg - Winner!

Build Orders: Hatch First 

Get SALT Encoding   

  12  0:00  Drone  
  13  0:08  Drone  
  14  0:28  Overlord  
  14  0:44  Hatchery  
  14  0:47  Drone  
  14  0:51  Drone  
  14  0:55  Drone  
  16  1:33  Spawning Pool  
  16  1:39  Drone  
  16  1:42  Drone  
  16  1:43  Hatchery  
  16  1:52  Drone x2  
  17  1:56  Extractor  
  16  2:02  Drone  
  17  2:13  Drone  
  18  2:23  Drone  
  19  2:30  Queen  
  19  2:33  Drone  
  19  2:34  Queen  
  19  2:35  Drone  
  19  2:36  Drone  
  26  2:43  Zergling x2  
  27  2:45  Drone  
  28  2:54  Overlord  
  28  2:56  Drone  
  28  2:57  Drone  
  30  3:12  Lair  
  30  3:24  Drone x3  
  30  3:25  Drone  
  30  3:26  Drone x2  
  36  3:30  Extractor  
  35  3:45  Drone x2  
  35  3:46  Zergling x4  
  39  3:54  Zergling x2  
  39  3:55  Drone x2  
  42  4:06  Overlord x2  
  42  4:07  Overlord  
  42  4:22  Drone, Spire  
  42  4:23  Overlord x2  
  42  4:29  Drone x5  
  42  4:30  Infestation Pit  
  46  4:38  Extractor  
  45  4:39  Extractor  
  45  4:40  Zergling x6  
  45  4:41  Drone, Zergling x2  
  45  4:42  Drone  
  45  4:45  Overseer  
  50  4:50  Drone x3  
  53  4:54  Drone  
  53  4:59  Extractor  
  53  5:03  Drone x2  
  53  5:04  Extractor  
  54  5:08  Drone x2  
  54  5:10  Drone x3  
  54  5:14  Hive  
  59  5:23  Drone x4  
  63  5:28  Overlord  
  63  5:29  Overlord  
  63  5:33  Drone  
  63  5:34  Queen  
  66  5:37  Mutalisk  
  66  5:41  Mutalisk  
  70  5:45  Mutalisk  
  70  5:47  Mutalisk  
  74  5:50  Mutalisk  
  74  5:54  Mutalisk  
  74  5:56  Mutalisk  
  80  6:04  Mutalisk  
  80  6:09  Mutalisk  
  84  6:17  Spore Crawler  
  81  6:20  Mutalisk  
  77  6:29  Mutalisk  
  79  6:39  Mutalisk  
  73  6:40  Mutalisk  
  73  6:42  Drone x3  
  73  6:43  Drone x8  
  86  7:01  Hatchery  
  83  7:05  Drone x2  
  85  7:12  Queen  
  87  7:22  Hatchery, Mutalisk  
  86  7:24  Viper  
  86  7:26  Overlord x2  
  86  7:29  Zerg Flyer Weapons Level 1  
  91  7:50  Mutalisk x2  
  95  7:59  Mutalisk  
  97  8:18  Drone, Mutalisk x3  
  104  8:31  Drone  
  104  8:33  Mutalisk x2  
  109  8:34  Drone x3  
  112  8:47  Drone x2  
  114  8:48  Viper  
  114  8:49  Mutalisk  
  119  8:56  Drone  
  106  9:24  Zerg Flyer Armor Level 1  
  106  9:29  Drone x3  
  109  9:40  Drone x2  
  109  9:41  Drone x4, Mutalisk x2  
  109  9:43  Overlord x4  
  119  9:56  Drone  
  119  9:58  Extractor  
  119  9:59  Extractor  
  118  10:03  Evolution Chamber  
  118  10:04  Evolution Chamber  
  105  10:23  Drone x5  
  110  10:42  Drone x2  
  112  10:44  Mutalisk, Corruptor x4  
  112  10:45  Corruptor x2  
  126  10:51  Drone  
  126  10:52  Zerg Melee Weapons Level 1  
  126  10:53  Zerg Ground Armor Level 1  
  127  10:58  Drone, Mutalisk, Ultralisk Cavern  
  127  10:59  Corruptor  
  127  11:00  Mutalisk  
  127  11:01  Corruptor  
  135  11:09  Hatchery  
  135  11:11  Hatchery x2  
  133  11:15  Hatchery  
  131  11:22  Drone x2  
  133  11:25  Viper  
  133  11:26  Hatchery, Viper  
  133  11:27  Mutalisk  
  133  11:28  Zergling x2  
  133  11:29  Overlord x2  
  133  11:30  Drone  
  142  11:33  Hatchery  
  141  11:55  Corruptor  
  141  11:56  Corruptor x4  
  97  12:24  Mutalisk x3, Corruptor x2  
  104  12:32  Drone x5  
  104  12:33  Drone x3  
  112  12:42  Drone x3  
  112  12:43  Drone, Mutalisk x2  
  120  12:44  Zergling x6  
  120  12:45  Zergling x4  
  120  12:46  Zerg Missile Weapons Level 1  
  120  12:48  Metabolic Boost  
  125  12:52  Zerg Melee Weapons Level 2  
  125  12:55  Zergling x4  
  127  12:59  Corruptor  
  127  13:00  Zergling x2  
  122  13:38  Drone x4  
  122  13:39  Drone x12  
  122  13:40  Zergling x10  
  143  13:42  Ultralisk  
  143  13:43  Ultralisk, Corruptor  
  143  13:44  Mutalisk  
  155  14:12  Ultralisk  
  155  14:13  Zergling x10  
  155  14:16  Anabolic Synthesis  
  164  14:19  Zergling x2  
  164  14:20  Zergling x6  
  164  14:21  Zergling x40  
  177  14:34  Viper x2  
  181  14:46  Drone x2  
  181  14:49  Mutalisk  
  181  14:50  Mutalisk  
  187  14:53  Overlord x5  
  187  14:58  Chitinous Plating  
  144  15:31  Zergling x6  
  144  15:32  Zergling x36  
  144  15:33  Zergling x18  
  166  15:45  Corruptor x2  
  166  15:46  Corruptor x5  
  166  15:47  Corruptor  
Show
View Real Time Build Order
Export as new Build Order

Massa Terran - Winner!

Build Orders: Gas First Reaper Expand 

Get SALT Encoding   

  12  0:00  SCV  
  13  0:12  SCV  
  14  0:24  SCV  
  14  0:25  Supply Depot  
  15  0:31  Refinery  
  15  0:47  SCV, Barracks  
  16  0:59  SCV  
  17  1:11  SCV  
  18  1:23  SCV  
  19  1:35  Reaper  
  19  1:36  Orbital Command  
  20  1:47  Command Center  
  20  1:54  Refinery  
  20  2:03  SCV  
  21  2:09  Marine  
  21  2:10  Factory  
  22  2:17  Supply Depot  
  22  2:19  SCV  
  23  2:28  Barracks Reactor  
  23  2:39  SCV  
  24  2:51  SCV  
  25  2:55  Barracks  
  25  3:02  Factory Reactor  
  25  3:05  Marine x2  
  27  3:07  Starport  
  26  3:23  Marine x2  
  28  3:40  Marine x2  
  28  3:41  Hellion x2  
  32  3:58  Marine x2  
  32  4:02  Hellion x2  
  37  4:11  Orbital Command  
  37  4:12  SCV  
  37  4:15  Barracks Tech Lab  
  37  4:16  Marine x2, Medivac  
  42  4:24  SCV  
  43  4:34  Marine x2  
  43  4:36  SCV  
  46  4:56  Stimpack  
  46  5:01  Supply Depot  
  46  5:02  Engineering Bay  
  46  5:03  Supply Depot  
  46  5:05  Supply Depot  
  46  5:15  Starport Reactor  
  46  5:22  SCV x2  
  46  5:23  Widow Mine x2, Marauder  
  46  5:25  Marine x2  
  56  5:30  Supply Depot  
  56  5:34  SCV x2  
  52  5:43  Marine x2  
  52  5:44  Widow Mine x2  
  54  6:23  Refinery  
  54  6:25  Refinery  
  54  6:27  Command Center  
  54  6:35  Engineering Bay, Combat Shield  
  54  6:37  Command Center  
  54  7:13  Missile Turret  
  54  7:16  Missile Turret  
  54  7:23  Factory  
  54  7:37  Supply Depot  
  54  7:38  Marine  
  54  7:39  SCV, Marauder, Medivac  
  54  7:44  Widow Mine  
  62  7:49  Widow Mine  
  62  7:51  SCV  
  65  7:55  Orbital Command  
  65  8:00  Marauder  
  65  8:03  SCV  
  65  8:05  Widow Mine  
  70  8:10  Widow Mine  
  70  8:12  Factory Tech Lab  
  72  8:14  Marine x2  
  72  8:15  SCV  
  75  8:22  Marauder  
  77  8:27  SCV  
  77  8:31  Marine  
  77  8:32  Marine  
  80  8:43  Marauder  
  74  9:19  Missile Turret  
  74  9:23  Orbital Command, Missile Turret  
  74  9:24  SCV x2  
  76  9:34  Terran Infantry Weapons Level 1  
  76  9:35  Missile Turret  
  76  9:36  SCV x2  
  76  9:37  Siege Tank  
  81  9:40  Armory, Medivac  
  81  9:41  Medivac  
  85  9:55  Supply Depot  
  85  9:57  Supply Depot  
  85  9:58  Supply Depot  
  85  10:01  Missile Turret  
  85  10:17  SCV x3, Medivac, Siege Tank  
  85  10:20  Supply Depot  
  93  10:26  Marauder, Marine x2  
  97  10:29  SCV x3  
  100  10:40  Command Center  
  100  10:41  SCV x3  
  103  10:44  Marine  
  103  10:45  Concussive Shells  
  103  10:46  Drilling Claws  
  103  10:47  Marauder  
  106  10:53  SCV x3  
  109  11:02  Barracks x2  
  109  11:03  Barracks x2  
  109  11:06  Barracks  
  109  11:09  Marauder  
  111  11:21  Medivac x2  
  115  11:41  Sensor Tower  
  115  11:43  Terran Infantry Armor Level 1, Engineering Bay  
  115  11:47  Missile Turret  
  115  11:48  Armory  
  115  11:49  Missile Turret  
  115  11:51  Orbital Command, Medivac  
  115  11:57  Siege Tank  
  115  11:58  Widow Mine  
  122  12:01  Marauder  
  122  12:03  Barracks Tech Lab, Marine  
  122  12:04  Smart Servos, Marine x5  
  127  12:10  Missile Turret  
  127  12:11  Missile Turret  
  126  12:21  Marine  
  126  12:22  Marine x6  
  108  12:55  Marauder x2  
  108  12:56  Barracks Reactor, Barracks Tech Lab, Marine x4  
  109  13:09  Medivac x2  
  111  13:14  Marine x4  
  111  13:17  Marauder x2  
  116  13:25  Marauder  
  113  13:32  Marine x4  
  102  13:35  Marine x2  
  102  13:38  Marauder x2  
  102  13:39  Medivac  
  107  13:46  Marauder  
  105  13:49  Marine  
  105  13:53  Marine  
  107  13:59  Marauder  
  107  14:00  Marauder  
  111  14:07  Marauder  
  111  14:20  Marine  
  111  14:21  Marauder x2  
  115  14:26  SCV  
  115  14:27  SCV  
  115  14:29  Marauder  
  98  14:42  Marauder x2  
  98  14:43  Marine x2  
  98  14:44  Marine x2  
  107  14:50  Marauder  
  110  14:55  Barracks Tech Lab  
  110  14:58  Barracks Reactor  
  108  15:01  Marine x3  
  108  15:02  Marine  
  108  15:03  Marauder  
  108  15:04  Marauder  
  116  15:12  Marauder  
  118  15:25  Marauder x2  
  120  15:33  Marauder  
  122  15:46  Marauder x2  
  122  15:54  Marauder  
Tags
 
Add a new tag
Caveats
  • Supply blocks, unpowered buildings, or Contaminate may cause inaccurate times.
  • Supply counts are checked every 10 seconds.